MLB
WASHINGTON NATIONALS @ PHILADELPHIA PHILLIES
08/24/2047
 
TOP OF THE 1ST
Washington Nationals batting - Pitching for Philadelphia Phillies : RHP Robby Benchio
Pitching: RHP Robby Benchio
Batting: RHB Dave Vargas 0-0: Called Strike
0-1: Foul Ball, location: 2F
0-2: SINGLE (Line Drive, 4D, EV 98.8 MPH)
Batting: LHB Kyung-jin Cho 0-0: Ball
1-0: 2-RUN HOME RUN (Flyball, 7D, EV 99.4 MPH), Distance : 364 ft
Batting: LHB Seth Cook 0-0: Ball
1-0: Swinging Strike
1-1: Foul Ball, location: 2F
1-2: Foul Ball, location: 2F
1-2: Foul Ball, location: 2F
1-2: Fly out, F8 (Flyball, 8RXD, EV 100.0 MPH)
Batting: RHB John Sanders 0-0: Fly out, F9 (Flyball, 9LS, EV 89.4 MPH)
Batting: LHB Jeff Luvisi 0-0: Called Strike
0-1: Swinging Strike
0-2: Ball
1-2: Ground out 6-3 (Groundball, 6MS, EV 87.5 MPH)
Top of the 1st over - 2 runs, 2 hits, 0 errors, 0 left on base; Washington 2 - Philadelphia 0
BOTTOM OF THE 1ST
Philadelphia Phillies batting - Pitching for Washington Nationals : RHP Jason Cheek
Pitching: RHP Jason Cheek
Batting: LHB Eric Katz 0-0: Ball
1-0: Ball
2-0: Ball
3-0: Base on Balls
Batting: RHB Tommie Eaton 0-0: Ball
1-0: Called Strike
1-1: Fielders Choice at 2nd, 5-4 (Groundball, 5L, EV 106.2 MPH)
Batting: SHB Lance Franklin 0-0: Called Strike
0-1: Ball
1-1: Ball
2-1: Fly out, F5 (Popup, 5SF, EV 86.9 MPH)
Batting: RHB Chef Belew 0-0: Ball
1-0: Ball
2-0: Foul Ball, location: 2F
2-1: Ball
3-1: Fielders Choice at 2nd, 5-4 (Groundball, 56, EV 85.0 MPH)
Bottom of the 1st over - 0 runs, 0 hits, 0 errors, 1 left on base; Washington 2 - Philadelphia 0
TOP OF THE 2ND
Washington Nationals batting - Pitching for Philadelphia Phillies : RHP Robby Benchio
Batting: LHB Alexis Cantu 0-0: Ball
1-0: Ground out U3 (Groundball, 34S, EV 86.2 MPH)
Batting: RHB Jesse Basich 0-0: Foul Ball, location: 2F
0-1: Ground out 6-3 (Groundball, 6, EV 81.9 MPH)
Batting: RHB Masashi Yukizawa 0-0: Called Strike
0-1: SINGLE (Line Drive, 3D, EV 100.0 MPH)
Batting: RHB Takanibu Kaneshiro 0-0: Ball
1-0: Ball
2-0: Ball
3-0: Base on Balls
Masashi Yukizawa to second
Batting: RHB Dave Vargas 0-0: SINGLE (Line Drive, 7LS, EV 108.1 MPH)
Masashi Yukizawa to third
Takanibu Kaneshiro to second
Batting: LHB Kyung-jin Cho 0-0: Ball
1-0: Swinging Strike
1-1: Swinging Strike
1-2: Foul Ball, location: 2F
1-2: Strikes out looking
Top of the 2nd over - 0 runs, 2 hits, 0 errors, 3 left on base; Washington 2 - Philadelphia 0
BOTTOM OF THE 2ND
Philadelphia Phillies batting - Pitching for Washington Nationals : RHP Jason Cheek
Batting: LHB Ryan Trombley 0-0: Called Strike
0-1: Called Strike
0-2: Strikes out swinging
Batting: SHB Pete Barutha 0-0: Ground out 4-3 (Groundball, 4, EV 88.1 MPH)
Batting: LHB Osamu Kubo 0-0: Ball
1-0: Called Strike
1-1: Swinging Strike
1-2: SINGLE (Groundball, 5D, EV 97.5 MPH)
Batting: LHB Nick Canizales 0-0: Ground out 4-3 (Groundball, 4, EV 85.0 MPH)
Bottom of the 2nd over - 0 runs, 1 hit, 0 errors, 1 left on base; Washington 2 - Philadelphia 0
TOP OF THE 3RD
Washington Nationals batting - Pitching for Philadelphia Phillies : RHP Robby Benchio
Batting: LHB Seth Cook 0-0: Ball
1-0: Ground out 3-1 (Groundball, 34, EV 87.5 MPH)
Batting: RHB John Sanders 0-0: Foul Ball, location: 2F
0-1: Ball
1-1: Ground out 1-3 (Groundball, 25, EV 68.8 MPH)
Batting: LHB Jeff Luvisi 0-0: Called Strike
0-1: Called Strike
0-2: Ball
1-2: Foul Ball, location: 2F
1-2: Ball
2-2: Strikes out looking
Top of the 3rd over - 0 runs, 0 hits, 0 errors, 0 left on base; Washington 2 - Philadelphia 0
BOTTOM OF THE 3RD
Philadelphia Phillies batting - Pitching for Washington Nationals : RHP Jason Cheek
Batting: SHB Jean-François Bernard 0-0: Foul Ball, location: 2F
0-1: Called Strike
0-2: Ball
1-2: Ball
2-2: Foul Ball, location: 2F
2-2: Ball
3-2: Strikes out looking
Batting: LHB Eric Katz 0-0: Ball
1-0: Swinging Strike
1-1: Called Strike
1-2: Fly out, F9 (Flyball, 89M, EV 82.5 MPH)
Batting: RHB Tommie Eaton 0-0: Called Strike
0-1: Ball
1-1: Foul Ball, location: 2F
1-2: Ball
2-2: Ground out 5-3 (Groundball, 56S, EV 93.1 MPH)
Bottom of the 3rd over - 0 runs, 0 hits, 0 errors, 0 left on base; Washington 2 - Philadelphia 0
TOP OF THE 4TH
Washington Nationals batting - Pitching for Philadelphia Phillies : RHP Robby Benchio
Batting: LHB Alexis Cantu 0-0: Ball
1-0: Foul Ball, location: 2F
1-1: Foul Ball, location: 2F
1-2: Ground out 4-3 (Groundball, 4, EV 89.4 MPH)
Batting: RHB Jesse Basich 0-0: Ball
1-0: Foul Ball, location: 2F
1-1: Foul Ball, location: 2F
1-2: Ground out 4-3 (Groundball, 34, EV 90.6 MPH)
Batting: RHB Masashi Yukizawa 0-0: Ball
1-0: Ground out 5-3 (Groundball, 56S, EV 87.5 MPH)
Top of the 4th over - 0 runs, 0 hits, 0 errors, 0 left on base; Washington 2 - Philadelphia 0
BOTTOM OF THE 4TH
Philadelphia Phillies batting - Pitching for Washington Nationals : RHP Jason Cheek
Batting: SHB Lance Franklin 0-0: Ball
1-0: Swinging Strike
1-1: Ball
2-1: Ball
3-1: Base on Balls
Batting: RHB Chef Belew 0-0: Ball
1-0: Swinging Strike
1-1: Called Strike
1-2: DOUBLE (Line Drive, 78M, EV 103.1 MPH)
Lance Franklin to third
Batting: LHB Ryan Trombley 0-0: SINGLE (Line Drive, 89S, EV 96.9 MPH)
Lance Franklin scores
Chef Belew to third
Batting: SHB Pete Barutha 0-0: Ball
1-0: DOUBLE (Flyball, 78D, EV 94.4 MPH)
Chef Belew scores
Ryan Trombley to third
Batting: LHB Osamu Kubo 0-0: Ground out 5-3 (Groundball, 6S, EV 85.0 MPH)
Ryan Trombley scores
Pete Barutha to third
Batting: LHB Nick Canizales 0-0: Swinging Strike
0-1: Called Strike
0-2: Foul Ball, location: 2F
0-2: Ball
1-2: Ball
2-2: DOUBLE (Line Drive, 9LS, EV 86.2 MPH)
Pete Barutha scores
Batting: SHB Jean-François Bernard 0-0: Foul Ball, location: 2F
0-1: Swinging Strike
0-2: Strikes out swinging
Batting: LHB Eric Katz 0-0: Ball
1-0: Called Strike
1-1: Foul Ball, location: 2F
1-2: Ball
2-2: Ball
3-2: Fly out, F4 (Line Drive, 4MD, EV 72.5 MPH)
Bottom of the 4th over - 4 runs, 4 hits, 0 errors, 1 left on base; Washington 2 - Philadelphia 4
TOP OF THE 5TH
Washington Nationals batting - Pitching for Philadelphia Phillies : RHP Robby Benchio
Batting: RHB Takanibu Kaneshiro 0-0: Foul Ball, location: 2F
0-1: SINGLE (Groundball, 5D, EV 111.9 MPH)
Batting: RHB Dave Vargas 0-0: Ball
1-0: Ball
2-0: Swinging Strike
2-1: Called Strike
2-2: Ball
3-2: Foul Ball, location: 2F
3-2: Foul Ball, location: 2F
3-2: Base on Balls
Takanibu Kaneshiro to second
Batting: LHB Kyung-jin Cho 0-0: Called Strike
0-1: Ball
1-1: Ball
2-1: Foul Ball, location: 2F
2-2: Foul Ball, location: 2F
2-2: Strikes out swinging
Batting: LHB Seth Cook 0-0: Foul Ball, location: 2F
0-1: Ball
1-1: Swinging Strike
1-2: Ball
2-2: Ball
3-2: DOUBLE (Groundball, 5L, EV 109.4 MPH)
Takanibu Kaneshiro scores
Dave Vargas to third
Runner from 3rd tries for Home, SAFE, no throw by LF
Batting: RHB John Sanders 0-0: Foul Ball, location: 2F
0-1: Ball
1-1: Ball
2-1: Fly out, F9 (Flyball, 9, EV 91.9 MPH)
Batting: LHB Jeff Luvisi 0-0: Called Strike
0-1: Ball
1-1: Called Strike
1-2: Strikes out swinging
Top of the 5th over - 2 runs, 2 hits, 0 errors, 1 left on base; Washington 4 - Philadelphia 4
BOTTOM OF THE 5TH
Philadelphia Phillies batting - Pitching for Washington Nationals : RHP Jason Cheek
Batting: RHB Tommie Eaton 0-0: Called Strike
0-1: Foul Ball, location: 2F
0-2: Foul Ball, location: 2F
0-2: Ball
1-2: Ball
2-2: Foul Ball, location: 2F
2-2: SINGLE (Groundball, 4MD, EV 103.1 MPH)
Batting: SHB Lance Franklin 0-0: Ball
1-0: Swinging Strike
1-1: Called Strike
1-2: Ball
2-2: Strikes out swinging
Batting: RHB Chef Belew 0-0: Grounds into double play, 5-4-3 (Groundball, 56, EV 80.6 MPH)
Bottom of the 5th over - 0 runs, 1 hit, 0 errors, 0 left on base; Washington 4 - Philadelphia 4
TOP OF THE 6TH
Washington Nationals batting - Pitching for Philadelphia Phillies : RHP Robby Benchio
Batting: LHB Alexis Cantu 0-0: Called Strike
0-1: SINGLE (Groundball, 5D, EV 103.1 MPH)
Batting: RHB Jesse Basich 0-0: Ball
1-0: Ball
2-0: Ground out 5-3 (Groundball, 5L, EV 76.9 MPH)
Alexis Cantu to second
Batting: RHB Masashi Yukizawa 0-0: Called Strike
0-1: Ball
1-1: Ball
2-1: Foul Ball, location: 2F
2-2: Ball
3-2: Strikes out swinging
Batting: RHB Takanibu Kaneshiro 0-0: Ball
1-0: Fly out, F8 (Flyball, 78M, EV 96.9 MPH)
Top of the 6th over - 0 runs, 1 hit, 0 errors, 1 left on base; Washington 4 - Philadelphia 4
BOTTOM OF THE 6TH
Philadelphia Phillies batting - Pitching for Washington Nationals : RHP Jason Cheek
Batting: LHB Ryan Trombley 0-0: Ball
1-0: Ball
2-0: Ball
3-0: Base on Balls
Batting: SHB Pete Barutha 0-0: Called Strike
0-1: Called Strike
0-2: Ball
1-2: Grounds into double play, 4-6-3 (Groundball, 4, EV 81.2 MPH)
Batting: LHB Osamu Kubo 0-0: Swinging Strike
0-1: Ball
1-1: Ball
2-1: Called Strike
2-2: SINGLE (Line Drive, 7S, EV 105.6 MPH)
Batting: LHB Nick Canizales 0-0: Swinging Strike
0-1: Fielders Choice at 2nd, 6-4 (Groundball, 4M, EV 88.1 MPH)
Bottom of the 6th over - 0 runs, 1 hit, 0 errors, 1 left on base; Washington 4 - Philadelphia 4
TOP OF THE 7TH
Washington Nationals batting - Pitching for Philadelphia Phillies : RHP Robby Benchio
Pitching: RHP Ken Tetzlaff
Batting: RHB Dave Vargas 0-0: Called Strike
0-1: Ball
1-1: Swinging Strike
1-2: Foul Ball, location: 2F
1-2: Strikes out swinging
Batting: LHB Kyung-jin Cho 0-0: Swinging Strike
0-1: Called Strike
0-2: Strikes out looking
Batting: LHB Seth Cook 0-0: Called Strike
0-1: Foul Ball, location: 2F
0-2: Ball
1-2: SINGLE (Groundball, 34D, EV 95.6 MPH)
Batting: RHB John Sanders 0-0: Foul Ball, location: 2F
0-1: Ball
1-1: Called Strike
1-2: Fly out, F4 (Line Drive, 4M, EV 65.6 MPH)
Top of the 7th over - 0 runs, 1 hit, 0 errors, 1 left on base; Washington 4 - Philadelphia 4
BOTTOM OF THE 7TH
Philadelphia Phillies batting - Pitching for Washington Nationals : RHP Jason Cheek
Batting: SHB Jean-François Bernard 0-0: Ball
1-0: Swinging Strike
1-1: Foul Ball, location: 2F
1-2: SINGLE (Groundball, 56S, EV 73.8 MPH) (infield hit)
Pitching: LHP Kerry Baty
Batting: LHB Eric Katz 0-0: Bunted foul
0-1: Bunted foul
0-2: Ball
1-2: Ball
2-2: Foul Ball, location: 2F
2-2: Ball
3-2: Foul Ball, location: 2F
3-2: Base on Balls
Jean-François Bernard to second
Batting: RHB Tommie Eaton 0-0: Swinging Strike
0-1: Called Strike
0-2: Foul Ball, location: 2F
0-2: Strikes out looking
Batting: SHB Lance Franklin 0-0: Ball
1-0: Called Strike
1-1: Ball
2-1: Foul Ball, location: 2F
2-2: Strikes out swinging
Batting: RHB Chef Belew 0-0: Ball
1-0: Ball
2-0: Ball
3-0: Called Strike
3-1: Called Strike
3-2: Foul Ball, location: 2F
3-2: SINGLE (Line Drive, 7S, EV 98.8 MPH)
Jean-François Bernard to third
Eric Katz to second
Jean-François Bernard scores
Eric Katz to third
Batting: LHB Ryan Trombley 0-0: Called Strike
0-1: Ball
1-1: Swinging Strike
1-2: Ball
2-2: Fielders Choice at 2nd, 6-4 (Groundball, 6, EV 105.0 MPH)
Bottom of the 7th over - 1 run, 2 hits, 0 errors, 2 left on base; Washington 4 - Philadelphia 5
TOP OF THE 8TH
Washington Nationals batting - Pitching for Philadelphia Phillies : RHP Ken Tetzlaff
Batting: LHB Jeff Luvisi 0-0: Ball
1-0: Swinging Strike
1-1: Fly out, F4 (Popup, 3S, EV 86.2 MPH)
Batting: LHB Alexis Cantu 0-0: Called Strike
0-1: Ground out 6-3 (Groundball, 6M, EV 83.1 MPH)
Pinch Hitting: LHB Dillon Gonzalez 0-0: Ball
1-0: Foul Ball, location: 2F
1-1: Called Strike
1-2: Foul Ball, location: 2F
1-2: Strikes out swinging
Top of the 8th over - 0 runs, 0 hits, 0 errors, 0 left on base; Washington 4 - Philadelphia 5
BOTTOM OF THE 8TH
Philadelphia Phillies batting - Pitching for Washington Nationals : LHP Kerry Baty
Pitching: RHP Brian Ramirez
Now at 2B: Justin Bonner
Now at 3B: John Sanders
Batting: SHB Pete Barutha 0-0: Ball
1-0: Foul Ball, location: 2F
1-1: Ball
2-1: Ball
3-1: SINGLE (Line Drive, 9S, EV 99.4 MPH)
Batting: LHB Osamu Kubo 0-0: Called Strike
0-1: Ball
1-1: Ball
2-1: Swinging Strike
2-2: Strikes out swinging
Batting: LHB Nick Canizales 0-0: Ball
1-0: SINGLE (Line Drive, 5D, EV 94.4 MPH)
Pete Barutha to second
Batting: SHB Jean-François Bernard 0-0: Fly out, F8 (Line Drive, 8RM, EV 86.2 MPH)
Batting: LHB Eric Katz 0-0: Ball
1-0: DOUBLE (Flyball, 89XD, EV 94.4 MPH)
Pete Barutha scores
Nick Canizales to third
Runner from 3rd tries for Home, SAFE, throw by CF to home
Batting: RHB Tommie Eaton 0-0: Called Strike
0-1: Ball
1-1: Called Strike
1-2: Ball
2-2: SINGLE (Groundball, 6D, EV 99.4 MPH)
Eric Katz to third
Runner from 3rd tries for Home, SAFE, throw by LF to home
Pitching: RHP Stacey Kerssies
Batting: SHB Lance Franklin 0-0: Foul Ball, location: 2F
0-1: Ball
1-1: Ball
2-1: Ground out 4-3 (Groundball, 4, EV 102.5 MPH)
Bottom of the 8th over - 3 runs, 4 hits, 0 errors, 1 left on base; Washington 4 - Philadelphia 8
TOP OF THE 9TH
Washington Nationals batting - Pitching for Philadelphia Phillies : RHP Ken Tetzlaff
Pitching: RHP Josh Cornishen
Batting: RHB Masashi Yukizawa 0-0: Called Strike
0-1: Swinging Strike
0-2: Strikes out swinging
Batting: RHB Takanibu Kaneshiro 0-0: Called Strike
0-1: Ball
1-1: Called Strike
1-2: Strikes out swinging
Batting: RHB Dave Vargas 0-0: Called Strike
0-1: Foul Ball, location: 2F
0-2: Strikes out swinging
Top of the 9th over - 0 runs, 0 hits, 0 errors, 0 left on base; Washington 4 - Philadelphia 8
Thursday, December 15th , 2022 - OOTP Baseball 23.9 Build 102